 Dungeon Crawl Stone Soup version 0.28.0-53-g5a82cb258f (webtiles) character file.

Game seed: 10275660306668972230

33 unlimited1921 the Magician (level 3, -3/25 HPs)
             Began as a Djinni Fire Elementalist on June 18, 2022.
             Slain by Terence
             ... wielding a +0 mace
              (7 damage)
             ... on level 2 of the Dungeon.
             The game lasted 00:04:55 (2655 turns).

unlimited1921 the Magician (DjFE)                   Turns: 2655, Time: 00:04:56

Health: -3/25      AC:  2    Str:  7    XL:     3   Next: 47%
Gold:   15         EV: 12    Int: 18    God:
                   SH:  0    Dex: 13

rFire   + + .      SeeInvis .   l - +0 short sword
rCold   x . .      Faith    .   (no shield)
rNeg    . . .      Spirit   .   a - +0 robe
rPois   ∞          Reflect  .   (no helmet)
rElec   .          Harm     .   (no cloak)
rCorr   .          Rampage  .   (no gloves)
Will    .....                   (boots unavailable)
Stlth   ++........              (no amulet)
HPRegen 0.08/turn               (no ring)
MPRegen 0.00/turn               (no ring)

@: flying
A: sickness immunity, fire resistance 2, cold vulnerability 1, float, innate
caster, HP casting, extra vitality 1
a: no special abilities


You were on level 2 of the Dungeon.
You visited 1 branch of the dungeon, and saw 2 of its levels.

You collected 15 gold pieces.

Inventory:

Hand Weapons
 h - a +0 dagger
 l - a +0 short sword (weapon)
Missiles
 b - 20 sling bullets
 i - 5 stones
 j - 2 atropa-tipped darts
Armour
 a - a +0 robe (worn)
Scrolls
 c - 4 scrolls of identify {unknown}
 d - a scroll of enchant armour {unknown}
 e - a scroll of blinking {unknown}
 m - a scroll of noise {unknown}
Potions
 f - a potion of mutation {unknown}
 g - a potion of degeneration {unknown}
 k - 2 potions of haste


   Skills:
 + Level 2.3 Dodging
 + Level 1.9 Stealth
 + Level 3.2 Spellcasting


You couldn't memorise any spells.
You knew the following spells:

 Your Spells              Type           Power      Damage    Failure   Level
a - Foxfire               Conj/Fire      56%        2x1d6     4%          1
b - Scorch                Fire           28%        2d6       6%          2
c - Conjure Flame         Conj/Fire      14%        6-21      13%         3
d - Inner Flame           Hex/Fire       14%        N/A       13%         3
e - Flame Wave            Conj/Fire      14%        2d6       38%         4
f - Sting                 Tmut/Pois      56%        1d5       4%          1
Your spell library was empty.

Dungeon Overview and Level Annotations

Branches:
Dungeon (2/15)

Altars:

Annotations:
D:2 Terence


Innate Abilities, Weirdness & Mutations

You are immune to sickness and miasma.
You are immune to poison.
Your flesh is very heat resistant. (rF++)
You are vulnerable to cold. (rC-)
You float through the air rather than walking.
You learn spells naturally, not from books.
Your magical power is your life essence.
You have superior vitality. (+4 MHP)


Message History

Aiming: Inner Flame (quite dangerous; 13% risk of failure)
Press: ? - help, Dir - move target, f/p - Terence
Aim: Terence, wielding a +0 mace and wearing a +1 ring mail of fire resistance (chance to affect: 75%) Terence is filled with an inner flame.
Casting: Inner Flame (quite dangerous; 13% risk of failure)
Confirm with . or Enter, or press ? or * to list all spells.
You conjure some foxfire!
Terence says, "How do you enjoy it?"
Your foxfire dissipates!
The foxfire hits Terence but does no damage.
Terence shouts, "ATTACK!!!"
Casting: Foxfire (safe; 4% risk of failure)
Confirm with . or Enter, or press ? or * to list all spells.
You conjure some foxfire!
Your foxfire dissipates!
The foxfire hits Terence.
Terence resists.
Flame seeps out of Terence.
Terence is lightly wounded.
Terence is engulfed in blazing flames.
Flame seeps out of Terence.
Terence drinks a potion.
Terence seems to speed up.
Casting: Foxfire (safe; 4% risk of failure)
Confirm with . or Enter, or press ? or * to list all spells.
You conjure some foxfire!
Terence is engulfed in blazing flames.
Flame seeps out of Terence.
Your foxfire dissipates!
The foxfire hits Terence but does no damage.
Terence is moderately wounded.
Casting: Foxfire (safe; 4% risk of failure)
Confirm with . or Enter, or press ? or * to list all spells.
You conjure some foxfire!
The foxfire hits Terence but does no damage.
Terence is moderately wounded.
Your foxfire dissipates!
Your magical contamination has completely faded away.
Terence closely misses you. Terence hits you with a +0 mace.
Terence hits you with a +0 mace!
* * * LOW HITPOINT WARNING * * *
Terence misses you. Terence hits you with a +0 mace!
You die...

##################
#.@...............
########@################
#.........#
#.........##########
#.........##.......#
#.........##.#####.#
#.........##.#####.######
#.......>...)...........#
#.........########.####.#
#.........# #.#


You could see Terence (fast, inner flame).

Vanquished Creatures
  A worm (D:2)
  A dart slug (D:1)
  4 ball pythons (D:1)
  A bat (D:1)
  2 endoplasms (D:1)
  A giant cockroach (D:2)
  A goblin (D:1)
  3 hobgoblins (D:1)
  2 quokkas (D:1)
  A frilled lizard (D:1)
  5 kobolds
  4 rats (D:1)
26 creatures vanquished.

Vanquished Creatures (others)
  92 foxfires
92 creatures vanquished.

Grand Total: 118 creatures vanquished

Notes
Turn   | Place    | Note
-------+----------+-------------------------------------------
     0 | D:1      | unlimited1921 the Djinni Fire Elementalist began the quest
                  | for the Orb.
     0 | D:1      | Reached XP level 1. HP: 15/15 MP: 0/0
   348 | D:1      | Found a faded altar of an unknown god.
   358 | D:1      | Reached XP level 2. HP: 16/21 MP: 0/0
  1441 | D:1      | Reached skill level 3 in Spellcasting
  1447 | D:1      | Reached XP level 3. HP: 17/25 MP: 0/0
  1447 | D:1      | Learned a level 1 spell: Sting
  2121 | D:1      | You are sucked into a shaft and drop 1 floor!
  2635 | D:2      | Noticed Terence
  2655 | D:2      | Slain by Terence

Illustrated notes

Levels and vault maps discovered:
D:1:      dpeg_arrival_court, layout_basic, hellmonk_ecumenical_altar_blasted
D:2:      layout_basic, uniq_crazy_yiuf_cottage, uniq_terence, uniq_natasha

Skill      XL: |  1  2 |
---------------+-------+-----
Spellcasting   | 3 |  3.2
Dodging        | |  2.3
Stealth        | |  1.9

Action                   || total
-------------------------++-------
 Cast: Foxfire           ||    64
       Inner Flame       ||     1
Armor: Robe              ||     1
Dodge: Dodged            ||     5
